 Dungeon Crawl Stone Soup version 0.26.1-11-gd32895ea62 (webtiles) character file.

Game seed: 8068548081799033792

469 dtburroughs the Chopper (level 6, 0/52 (56) HPs)
             Began as a Minotaur Berserker on May 9, 2021.
             Was a Priest of Trog.
             Slain by a wight
             ... wielding a +0 great sword
              (5 damage)
             ... on level 4 of the Dungeon on May 10, 2021.
             The game lasted 00:08:49 (3293 turns).

dtburroughs the Chopper (Minotaur Berserker)        Turns: 3293, Time: 00:08:50

HP:   0/52 (56)     AC: 12    Str: 22    XL:     6   Next: 82%
MP:   5/5           EV:  8    Int:  6    God:    Trog [***...]
Gold: 168           SH:  0    Dex:  9    Spells: 5/5 levels left

rFire    . . .     SeeInvis .   q - +0 morningstar
rCold    . . .     Faith    .   (no shield)
rNeg     . . .     Spirit   .   j - +0 plate armour
rPois    .         Reflect  .   (helmet restricted)
rElec    .         Harm     .   (no cloak)
rCorr    .         Rampage  .   (no gloves)
Will     .....                  (no boots)
Stlth    ..........             (no amulet)
HPRegen  0.17/turn              (no ring)
MPRegen  0.09/turn              (no ring)

@: berserk cooldown, slowed, drained, very slow
A: retaliatory headbutt, horns 2
a: Renounce Religion, Berserk, Trog's Hand


You were on level 4 of the Dungeon.
You worshipped Trog.
Trog was most pleased with you.
You visited 1 branch of the dungeon, and saw 4 of its levels.

You collected 168 gold pieces.

Inventory:

Hand Weapons
 a - a +0 hand axe
 e - a +0 whip of freezing
 q - a +0 morningstar (weapon)
Armour
 j - a +0 plate armour (worn)
Wands
 o - a wand of iceblast (7)
Scrolls
 d - a scroll of magic mapping {unknown}
 h - 4 scrolls of remove curse {unknown}
 i - 5 scrolls of identify {unknown}
 p - a scroll of amnesia {unknown}
Potions
 b - 2 potions of mutation {unknown}
 c - 2 potions of curing
 f - a potion of berserk rage {unknown}
 g - a potion of attraction {unknown}
 k - a potion of magic {unknown}
 l - 2 potions of brilliance {unknown}
 m - a potion of might {unknown}
 n - a potion of degeneration {unknown}


   Skills:
 + Level 5.5 Fighting
 + Level 5.5 Axes
 + Level 4.8 Armour
 + Level 4.2 Dodging
 + Level 1.0 Evocations


You had 5 spell levels left.
You didn't know any spells.
Your spell library was empty.

Dungeon Overview and Level Annotations

Branches:
Dungeon (4/15)
 Temple: D:4-7

Altars:

Shops:
D:4 [


Innate Abilities, Weirdness & Mutations

You reflexively headbutt those who attack you in melee.
You have a pair of horns on your head.


Message History

The wight barely misses you. The wight hits you but does no damage.
You barely miss the wight. The wight closely misses you. x2
The wight hits you with a cursed +0 mace.
* * * LOW HITPOINT WARNING * * *
The wight hits you but does no damage. x3
You hit the wight but do no damage. You headbutt the wight!
The wight is heavily damaged.
The wight hits you but does no damage.
The wight hits you with a +0 great sword.
* * * LOW HITPOINT WARNING * * *
The wight barely misses you.
The wight hits you with a cursed +4 flail.
* * * LOW HITPOINT WARNING * * *
You sock the wight!
You destroy the wight!
Trog accepts your kill.
The wight hits you with a cursed +0 mace.
* * * LOW HITPOINT WARNING * * *
The wight hits you with a +0 great sword.
You die...

#....#.......#...####
...............##
...###..#....# . .
....#...##.(.### ..# ..
.....# #.....#..... ...
#../.####..........
....#....##...###......
#.............##.##..
.#....@).##..#..#.###
...?(##zz###..#.......
..........#...........
.∩...##...............
...# ##..####.......#
.. #..##...#......
#.............#
###.#.##.##...##
..###.#)#.#..# ...#


You could see 2 wights.

Vanquished Creatures
  3 wights (D:4)
  A bullfrog skeleton (D:4)
  An orc priest (D:3)
  A hound (D:4)
  2 orc wizards (D:3)
  Natasha (thrice) (D:4)
  2 gnolls (D:4)
  4 adders
  2 oozes (D:3)
  3 worms
  A dart slug (D:2)
  3 leopard geckos
  7 orcs
  10 giant cockroaches
  10 goblins
  7 hobgoblins
  A quokka (D:2)
  2 ball pythons
  5 bats
  8 frilled lizards
  7 kobolds
  14 rats
97 creatures vanquished.

Vanquished Creatures (others)
  An orc wizard (D:3)
  4 plants (D:1)
5 creatures vanquished.

Grand Total: 102 creatures vanquished

Notes
Turn   | Place    | Note
-------+----------+-------------------------------------------
     0 | D:1      | dtburroughs the Minotaur Berserker began the quest for the
                  | Orb.
     0 | D:1      | Reached XP level 1. HP: 19/19 MP: 0/0
     3 | D:1      | Noticed an electric eel
    10 | D:1      | Noticed an electric eel
   454 | D:1      | Reached XP level 2. HP: 27/27 MP: 1/1
   846 | D:2      | Reached ** piety under Trog
   860 | D:2      | Reached XP level 3. HP: 30/33 MP: 2/2
  1170 | D:2      | Reached XP level 4. HP: 41/41 MP: 3/3
  2041 | D:3      | Reached *** piety under Trog
  2051 | D:3      | Reached XP level 5. HP: 47/47 MP: 4/4
  2567 | D:3      | Found a faded altar of an unknown god.
  2680 | D:3      | Reached skill level 5 in Fighting
  2749 | D:3      | Reached skill level 5 in Axes
  3016 | D:4      | Noticed Natasha
  3039 | D:4      | Killed Natasha
  3095 | D:4      | Noticed Natasha
  3104 | D:4      | Killed Natasha
  3105 | D:4      | Reached XP level 6. HP: 51/56 MP: 5/5
  3145 | D:4      | Noticed Natasha
  3162 | D:4      | Killed Natasha
  3277 | D:4      | Reached skill level 1 in Evocations
  3285 | D:4      | Found Memaopnu's Antique Armour Shop.
  3293 | D:4      | Slain by a wight

Illustrated notes

Levels and vault maps discovered:
D:1:      arrival_aquarium_b, layout_basic, serial_bayou_crossing
D:2:      layout_basic, grunt_ministairs_1, minmay_worlds_worst_comb
D:3:      layout_loops_cross, chequers_ecumenical_altar_simple_redux
D:4:      layout_cave_pools, dancing_weapons_uskayaw, serial_shops, shop,
          portal_sewer_entry_c, item_on_display_a, uniq_natasha

Skill      XL: |  1  2  3  4  5  6 |
---------------+-------------------+-----
Fighting       | 4 5 |  5.5
Axes           | 4 5 |  5.5
Armour         | 3 4 |  4.8
Dodging        | 3 4 |  4.2
Evocations     | 1 |  1.0

Action                   |  1- 3 |  4- 6 || total
-------------------------+-------+-------++-------
Melee: Hand axe          |    81 |   157 ||   238
       Headbutt          |    14 |    19 ||    33
       Morningstar       |       |    27 ||    27
Invok: Berserk           |       |     1 ||     1
  Use: Potion            |       |     3 ||     3
 Stab: Sleeping          |     1 |       ||     1
Armor: Animal skin       |     9 |       ||     9
       Plate armour      |    34 |   141 ||   175
Dodge: Dodged            |    41 |    87 ||   128
